 Dungeon Crawl Stone Soup version 0.27-a0-1431-gcffa5a9b16 (webtiles) character file.

Game seed: 12553054241357790639

1 freelancePsychic the Magician (level 1, 0/15 HPs)
             Began as a Djinni Summoner on July 3, 2021.
             Slain by a bat (1 damage)
             ... on level 1 of the Dungeon.
             The game lasted 00:00:18 (44 turns).

freelancePsychic the Magician (Djinni Summoner)       Turns: 44, Time: 00:00:18

Health: 0/15       AC:  2    Str:  7    XL:     1   Next: 22%
Gold:   3          EV: 12    Int: 16    God:
                   SH:  0    Dex: 13

rFire    + + .     SeeInvis .   (no weapon)
rCold    x . .     Faith    .   (no shield)
rNeg     . . .     Spirit   .   a - +0 robe
rPois    ∞         Reflect  .   (no helmet)
rElec    .         Harm     .   (no cloak)
rCorr    .         Rampage  .   (no gloves)
Will     .....                  (boots unavailable)
Stlth    ++........             (no amulet)
HPRegen  0.05/turn              (no ring)
MPRegen  0.00/turn              (no ring)

@: flying
A: sickness immunity, fire resistance 2, cold vulnerability 1, float, innate
caster, hp casting, extra vitality 1
a: no special abilities


You were on level 1 of the Dungeon.
You visited 1 branch of the dungeon, and saw 1 of its levels.

You collected 3 gold pieces.

Inventory:

Armour
 a - a +0 robe (worn)


   Skills:
 + Level 0.1 Fighting
 - Level 2.1 Dodging
 - Level 1.5 Stealth
 * Level 3.3 Spellcasting


You couldn't memorise any spells.
You knew the following spells:

 Your Spells              Type           Power      Damage    Failure   Level
a - Summon Small Mammal   Summ           52%        N/A       4%          1
b - Call Imp              Summ           13%        N/A       7%          2
c - Call Canine Familiar  Summ           13%        N/A       14%         3
d - Summon Guardian Gole  Hex/Summ       13%        N/A       14%         3
e - Summon Lightning Spi  Summ/Air       13%        N/A       43%         4
f - Summon Ice Beast      Ice/Summ       13%        N/A       43%         4
Your spell library was empty.

Dungeon Overview and Level Annotations

Branches:
Dungeon (1/15)

Altars:


Innate Abilities, Weirdness & Mutations

You are immune to sickness and miasma.
You are immune to poison.
Your flesh is very heat resistant. (rF++)
You are vulnerable to cold. (rC-)
You float through the air rather than walking.
You learn spells naturally, not from books.
Your magical power is your life essence.
You have superior vitality. (+4 HP)


Message History

The bat hits you but does no damage. The quokka bites your quokka.
Your quokka barely misses the quokka.
You see here a ring of poison resistance.
The bat barely misses you. The quokka barely misses your quokka.
Your quokka closely misses the quokka.
You miss the bat. The bat hits you but does no damage.
The quokka completely misses your quokka.
Your quokka bites the quokka but does no damage.
The quokka bites your quokka.
Your quokka dies!
Your quokka's corpse disappears in a puff of smoke!
The bat closely misses you. The quokka bites your rat.
You miss the bat. The bat hits you. The bat closely misses you.
Casting: Summon Small Mammal (safe; 4% risk of failure)
Confirm with . or Enter, or press ? or * to list all spells.
The bat hits you. The quokka misses you.
You hit the quokka.
The quokka is lightly wounded.
The bat hits your rat but does no damage.
Your rat barely misses the bat.
The quokka bites you.
* * * LOW HITPOINT WARNING * * *
Your rat barely misses the quokka.
You hit the quokka but do no damage.
The quokka is lightly wounded.
The bat closely misses your rat. The quokka barely misses you.
Your rat closely misses the bat.
The quokka bites you.
* * * LOW HITPOINT WARNING * * *
Your rat misses the quokka. You hit the quokka.
The quokka is moderately wounded.
The bat hits your rat but does no damage.
Your rat barely misses the bat.
The quokka barely misses you.
Your rat bites the quokka.
You hit the quokka.
The quokka is almost dead.
The bat hits your rat.
Your rat closely misses the bat.
The quokka barely misses you.
Your rat bites the quokka.
The quokka dies!
The bat hits you.
You die...

########
#........P
.......#
#......... #
#.....###.#P#P#P#P
#. ##
#.....######## ..
. #.##### #.#.#.
#.# #.....#####.#
##.##.......##
!......@r....#
##.###..b....#
#..r....#
#.......#
#.......#
#.......#
#.......#
#######.# .#


You could see a bat (ally target) and 2 friendly rats.

Vanquished Creatures (collateral kills)
  A quokka (D:1)
1 creature vanquished.

Notes
Turn   | Place    | Note
-------+----------+-------------------------------------------
     0 | D:1      | freelancePsychic the Djinni Summoner began the quest for
                  | the Orb.
     0 | D:1      | Reached XP level 1. HP: 15/15 MP: 0/0
    44 | D:1      | Slain by a bat

Illustrated notes

Levels and vault maps discovered:
D:1:      minmay_arrival_plants_in_alcoves, layout_loops_cross, minmay_tripent

Action                   || total
-------------------------++-------
Melee: Unarmed           ||    12
 Cast: Summon Small Mamm ||     3
Armor: Robe              ||     7
Dodge: Dodged            ||    16

Table legend: (Time is in decaauts)
 A = Elapsed time spent in this place.
 B = Non-inter-level travel time spent in this place.
 C = Inter-level travel time spent in this place.
 D = Time resting spent in this place.
 E = Time spent auto-exploring this place.
 F = Levels seen in this place.
 G = Mean time per level.
                   A        B        C        D        E       F      G
               +--------+--------+--------+--------+--------+-----+--------+
         Total |     44 |     44 |      0 |      0 |     17 |   1 |   44.0 |
       Dungeon |     44 |     44 |      0 |      0 |     17 |   1 |   44.0 |
               +--------+--------+--------+--------+--------+-----+--------+

Top non-repeatable levels by time:
     D:1: 44 daAuts
